Map: Submarine LE

Players

Leo (LeoRusher)

  • Race: Protoss Protoss
  • League: Grandmaster
  • Spawn Location: 5:00

piglet - Winner!

  • Race: Terran Terran
  • League: Master
  • Spawn Location: 11:00

Event: DreamHack SC2 Masters 2020 Winter

VOD

Have the link to the VOD?

Description

Time

  • Played on: Oct. 16, 2020, 4:10 a.m.
  • Length: 13:39

All games in this series

Show
View Real Time Build Order
Export as new Build Order

Leo Protoss 

Build Orders: 1 Gate Expand, Archon Immortal 

Get SALT Encoding   

  12  0:00  Probe  
  13  0:12  Probe  
  14  0:17  Pylon  
  14  0:24  Probe (Chrono Boost)  
  15  0:36  Gateway  
  15  0:37  Probe (Chrono Boost)  
  16  0:43  Probe (Chrono Boost)  
  16  0:45  Assimilator  
  17  0:51  Probe  
  18  1:03  Probe  
  19  1:15  Probe  
  20  1:23  Cybernetics Core  
  20  1:32  Nexus  
  20  1:40  Pylon  
  20  1:41  Probe  
  21  1:49  Assimilator  
  21  1:53  Probe  
  22  1:58  Adept (Chrono Boost)  
  24  2:01  Warp Gate  
  24  2:07  Probe  
  25  2:18  Stalker (Chrono Boost)  
  25  2:19  Probe  
  28  2:31  Probe  
  28  2:36  Twilight Council  
  29  2:40  Stalker  
  32  2:45  Probe (Chrono Boost)  
  32  2:49  Probe (Chrono Boost)  
  33  2:55  Probe (Chrono Boost)  
  33  2:57  Probe (Chrono Boost)  
  35  3:01  Probe  
  35  3:05  Robotics Facility  
  36  3:08  Probe  
  36  3:11  Charge (Chrono Boost)  
  37  3:16  Probe  
  36  3:21  Gateway  
  36  3:25  Gateway  
  36  3:30  Probe x2  
  38  3:35  Gateway  
  37  3:42  Probe x2  
  39  3:54  Probe  
  40  3:56  Warp Prism (Chrono Boost)  
  42  4:06  Nexus  
  42  4:11  Pylon  
  42  4:15  Zealot  
  42  4:16  Zealot  
  46  4:20  Pylon  
  46  4:28  Gateway  
  46  4:30  Gateway  
  46  4:35  Observer  
  47  4:39  Stalker  
  49  4:58  Pylon  
  49  5:11  Probe x2  
  49  5:12  Zealot x4  
  57  5:23  Probe  
  57  5:25  Zealot x2  
  57  5:26  Zealot  
  64  5:29  Probe x2  
  64  5:32  Zealot x3  
  72  5:35  Probe  
  72  5:41  Probe  
  70  5:47  Zealot  
  70  5:48  Zealot x2  
  63  5:53  Zealot x3  
  55  6:05  Probe x2  
  55  6:09  Probe  
  55  6:11  Zealot x3, Immortal (Chrono Boost)  
  58  6:17  Probe (Chrono Boost)  
  65  6:19  Templar Archives  
  65  6:20  Assimilator, Probe (Chrono Boost)  
  65  6:22  Zealot x2  
  65  6:23  Zealot  
  72  6:27  Probe (Chrono Boost)  
  72  6:30  Probe (Chrono Boost)  
  75  6:36  Sentry  
  75  6:37  Probe (Chrono Boost)  
  75  6:38  Probe (Chrono Boost)  
  75  6:39  Probe (Chrono Boost)  
  78  6:40  Shield Battery  
  78  6:43  Zealot, Immortal  
  85  6:47  Pylon  
  85  6:49  Pylon  
  85  6:59  Pylon  
  85  7:05  Probe x3  
  85  7:07  High Templar  
  85  7:08  High Templar  
  92  7:09  Zealot x4  
  92  7:14  Archon  
  92  7:15  Pylon  
  100  7:16  Gateway  
  100  7:22  Pylon  
  100  7:27  Zealot  
  102  7:30  Zealot x3  
  102  7:33  Pylon  
  102  7:36  Pylon  
  108  7:40  Warp Prism  
  108  7:43  Zealot x2  
  108  7:44  Zealot  
  116  7:48  High Templar  
  116  7:49  High Templar  
  120  7:53  Assimilator  
  120  7:54  Zealot  
  122  8:02  Gateway  
  112  8:16  Zealot x2  
  112  8:17  Zealot x4  
  94  8:22  Archon  
  84  8:30  Immortal (Chrono Boost)  
  84  8:31  Zealot  
  86  8:38  Pylon, Zealot x3  
  86  8:39  Zealot x3  
  94  8:49  Shield Battery  
  94  8:51  Shield Battery  
  94  8:56  Zealot x2  
  94  9:01  Stalker x5, Immortal (Chrono Boost)  
  94  9:02  Stalker  
  106  9:10  Probe  
  107  9:17  Zealot x2  
  107  9:22  Pylon, Probe x2  
  113  9:24  Stalker x3  
  113  9:25  Stalker  
  113  9:27  Zealot  
  123  9:37  Immortal (Chrono Boost)  
  127  9:38  Zealot  
  129  9:52  Zealot x4  
  137  10:02  Pylon  
  137  10:05  Zealot  
  139  10:08  Stalker x3  
  139  10:13  Forge  
  145  10:17  Observer (Chrono Boost)  
  146  10:25  Stalker  
  146  10:26  Stalker x2  
  119  10:43  Zealot x5  
  113  10:54  Zealot x3, Immortal (Chrono Boost)  
  99  11:06  Zealot  
  99  11:07  Zealot x4  
  95  11:19  Zealot  
  95  11:20  Zealot x2  
  100  11:27  Observer  
  100  11:29  Psionic Storm  
  97  11:38  Zealot x5  
  88  11:44  Stalker x2  
  88  11:45  Stalker  
  94  11:49  Probe  
  97  11:59  High Templar x2, Zealot  
  97  12:00  Zealot  
  103  12:03  High Templar  
  105  12:15  Zealot x2  
  105  12:21  High Templar  
  111  12:28  Zealot x2  
  115  12:32  Nexus  
  115  12:33  Pylon  
  115  12:34  Zealot  
  117  12:39  Zealot  
  117  12:42  Zealot  
  121  12:47  Zealot x2  
  121  12:49  High Templar  
  121  12:50  High Templar  
  129  12:54  Archon  
  129  12:55  Zealot  
  129  12:56  Zealot  
  133  13:00  Zealot  
  133  13:03  Zealot  
Show
View Real Time Build Order
Export as new Build Order

piglet Terran - Winner!

Build Orders: Gas First Reaper Expand 

Get SALT Encoding   

  12  0:00  SCV  
  13  0:12  SCV  
  14  0:17  Supply Depot  
  14  0:24  SCV  
  14  0:28  Refinery  
  15  0:39  SCV  
  16  0:43  Barracks  
  16  0:51  SCV  
  17  1:03  SCV  
  18  1:15  SCV  
  19  1:30  Orbital Command, Reaper  
  20  1:42  Command Center  
  20  1:52  Factory  
  20  1:56  SCV  
  21  2:05  Barracks Reactor  
  21  2:06  Bunker  
  21  2:09  SCV  
  21  2:15  Supply Depot  
  22  2:21  SCV  
  23  2:28  Refinery  
  24  2:37  SCV  
  24  2:38  Widow Mine  
  24  2:41  Marine x2  
  28  2:49  SCV  
  29  2:54  Orbital Command  
  29  2:59  Starport  
  29  3:01  SCV, Marine  
  31  3:07  Factory Tech Lab  
  31  3:13  SCV  
  31  3:16  Marine  
  31  3:19  SCV  
  34  3:25  SCV  
  34  3:26  Supply Depot  
  35  3:31  Siege Tank, SCV  
  39  3:37  SCV  
  39  3:38  Marine x2  
  42  3:44  SCV, Viking  
  45  3:50  Supply Depot  
  45  3:51  SCV  
  46  4:02  SCV  
  46  4:04  SCV  
  47  4:10  Command Center  
  47  4:17  SCV x2  
  47  4:19  Refinery  
  47  4:20  Raven, Marine x2, Factory Tech Lab  
  53  4:29  SCV x2  
  53  4:30  Supply Depot  
  55  4:32  Barracks  
  55  4:41  SCV x2, Siege Tank  
  60  4:51  Barracks  
  59  4:53  Marine x2, SCV  
  59  4:54  SCV  
  59  4:59  Refinery  
  63  5:06  SCV  
  64  5:07  SCV  
  64  5:14  Siege Tank  
  68  5:18  SCV  
  68  5:20  SCV, Starport Tech Lab  
  68  5:21  Marine, Stimpack  
  69  5:24  Supply Depot, Orbital Command  
  69  5:26  Supply Depot  
  69  5:29  Marine x2  
  69  5:30  SCV  
  69  5:32  SCV  
  69  5:33  Engineering Bay  
  73  5:38  Engineering Bay  
  73  5:42  SCV  
  73  5:44  Marine, SCV  
  73  5:47  Marine  
  73  5:49  Marine  
  66  5:51  SCV  
  66  5:54  SCV  
  66  5:56  SCV  
  68  5:58  Marine, Siege Tank  
  68  6:04  SCV  
  60  6:07  SCV  
  60  6:08  SCV  
  59  6:16  SCV, Terran Infantry Weapons Level 1  
  59  6:19  SCV  
  59  6:24  SCV  
  61  6:27  Starport Reactor  
  61  6:28  SCV  
  61  6:32  Missile Turret  
  62  6:33  Marine x2  
  62  6:35  SCV  
  62  6:36  SCV  
  62  6:38  Terran Infantry Armor Level 1  
  62  6:39  Supply Depot  
  66  6:40  SCV  
  66  6:46  Missile Turret  
  67  6:47  Marine x2  
  67  6:49  SCV x2  
  67  6:52  SCV  
  72  6:59  Marine x2, Supply Depot  
  72  7:01  Combat Shield, SCV  
  74  7:03  Siege Tank  
  74  7:08  Supply Depot  
  78  7:10  Missile Turret  
  78  7:12  Marauder  
  78  7:14  Marauder  
  82  7:20  Marine  
  82  7:21  Marine  
  84  7:23  Supply Depot, Medivac  
  84  7:24  Medivac  
  88  7:34  Marauder  
  88  7:35  Marauder  
  92  7:40  Marine x2  
  92  7:43  SCV x2  
  99  7:49  Ghost Academy  
  99  7:50  Supply Depot  
  96  7:56  Marauder  
  96  7:57  Marauder  
  96  7:58  Marine  
  101  8:00  Factory Reactor  
  92  8:13  Marine  
  92  8:17  Marauder  
  92  8:19  Marine, Marauder  
  80  8:20  SCV x2  
  80  8:21  SCV  
  78  8:28  Medivac x2  
  78  8:31  Concussive Shells  
  78  8:32  SCV  
  83  8:36  SCV  
  83  8:37  SCV  
  83  8:39  Armory  
  85  8:46  Marine, Marauder x2  
  85  8:47  Widow Mine x2  
  94  8:49  Orbital Command  
  94  8:50  SCV x2  
  94  8:54  Marine  
  97  9:02  SCV  
  97  9:03  SCV  
  97  9:09  Barracks  
  102  9:10  Barracks  
  102  9:14  SCV  
  103  9:18  SCV x2  
  103  9:24  Ghost x2  
  105  9:30  Supply Depot  
  109  9:32  Marine x2, SCV, Terran Infantry Weapons Level 2  
  109  9:35  SCV  
  109  9:36  Refinery  
  109  9:39  Bunker  
  109  9:42  Bunker  
  109  9:43  Supply Depot x2, SCV  
  109  9:44  SCV  
  110  9:49  SCV  
  110  9:51  Marine  
  110  9:52  Marine  
  113  9:53  Marine, Marauder, Sensor Tower  
  113  9:55  SCV  
  113  9:58  SCV  
  117  10:06  Medivac x2  
  117  10:07  Widow Mine x2  
  115  10:09  SCV  
  115  10:10  SCV  
  115  10:11  SCV  
  115  10:13  Supply Depot  
  118  10:17  Barracks Tech Lab  
  118  10:21  Terran Infantry Armor Level 2, SCV  
  118  10:23  Marine  
  113  10:38  Ghost  
  113  10:39  Marine  
  113  10:41  Ghost  
  113  10:42  Marine  
  119  10:49  Marine  
  102  10:50  Marine  
  102  10:56  SCV x2, Marine  
  103  10:59  Marine  
  103  11:02  Refinery  
  101  11:07  SCV, Ghost  
  101  11:08  Marauder, SCV  
  101  11:09  SCV  
  103  11:18  Ghost  
  103  11:19  Marine, SCV  
  103  11:22  Marine, Ghost  
  110  11:29  Marine  
  109  11:35  Ghost  
  109  11:37  Marine  
  107  11:40  Marine  
  107  11:45  Widow Mine x2  
  107  11:46  Ghost  
  114  11:49  Supply Depot, SCV x2  
  114  11:50  SCV  
  117  11:55  Ghost  
  117  11:56  Marine, Command Center  
  117  11:58  Medivac, Supply Depot  
  122  12:02  Marine  
  122  12:06  Marine, Ghost  
  126  12:14  Marine  
  126  12:15  Marine  
  128  12:20  Marine  
  128  12:24  Marine, Ghost  
  128  12:25  Supply Depot  
  131  12:30  Medivac x2  
  131  12:31  Marine  
  131  12:33  Marine  
  131  12:34  Marine  
  138  12:39  Supply Depot  
  138  12:41  Marine  
  138  12:43  Supply Depot  
  141  12:45  Supply Depot  
  141  12:49  Marine  
  144  12:52  Ghost  
  144  12:53  Marine  
  144  12:55  Bunker  
  144  12:57  Supply Depot  
  143  13:00  Marine, Marauder x2  
  148  13:07  Marine  
  148  13:11  Marauder  
  144  13:20  Marine  
Tags
 
Add a new tag
Caveats
  • Supply blocks, unpowered buildings, or Contaminate may cause inaccurate times.
  • Supply counts are checked every 10 seconds.